 Dungeon Crawl Stone Soup version 0.22.1-1-ga44c0e56f4 (webtiles) character file.

135 Riddle the Shield-Bearer (level 5, -7/42 HPs)
             Began as a Formicid Fighter on Sept 21, 2018.
             Killed by divine providence
             ... invoked by an orc priest
              (10 damage)
             ... on level 3 of the Dungeon.
             The game lasted 00:02:18 (1691 turns).

Riddle the Shield-Bearer (Formicid Fighter)         Turns: 1691, Time: 00:02:19

Health: -7/42      AC:  7    Str: 22    XL:     5   Next: 42%
Magic:  5/5        EV:  8    Int:  7    God:
Gold:   119        SH:  9    Dex: 10    Spells: 4/4 levels left

rFire    . . .     SeeInvis +   a - +0 quarterstaff
rCold    . . .     Gourm    .   c - +0 shield
rNeg     . . .     Faith    +   b - +0 scale mail
rPois    .         Spirit   .   (helmet unavailable)
rElec    .         Reflect  .   (no cloak)
rCorr    .         Harm     .   (no gloves)
MR       .....                  (no boots)
Stlth    ..........             p - amulet of faith
HPRegen  0.14/turn              (no ring)
MPRegen  0.09/turn              (no ring)

@: no status effects
A: permanent stasis, dig shafts and tunnels, four strong arms, antennae 3
a: Dig, Shaft Self


You were on level 3 of the Dungeon.
You were not hungry.

You visited 1 branch of the dungeon, and saw 3 of its levels.

You collected 119 gold pieces.

Inventory:

Hand Weapons
 a - a +0 quarterstaff (weapon)
Armour
 b - a +0 scale mail (worn)
 c - a +0 shield (worn)
Jewellery
 p - an amulet of faith (around neck)
Wands
 r - a wand of flame (31)
Scrolls
 g - a scroll of random uselessness {unknown}
 i - a scroll of magic mapping {unknown}
 k - a scroll of identify
 m - a scroll of remove curse {unknown}
 n - a scroll of blinking {unknown}
 o - 2 scrolls of enchant armour {unknown}
 q - a scroll of noise {unknown}
Potions
 d - a potion of might
 e - 2 potions of magic {unknown}
 h - a potion of resistance {unknown}
 j - 2 potions of degeneration {unknown}
 l - a potion of flight {unknown}
 t - a potion of curing {unknown}
Comestibles
 f - 4 rations
 s - 2 chunks of flesh


   Skills:
 + Level 4.1 Fighting
 + Level 3.3 Staves
 + Level 3.9 Armour
 + Level 1.0 Dodging
 + Level 0.5 Stealth
 + Level 4.3 Shields


You had 4 spell levels left.
You didn't know any spells.
Your spell library was empty.

Dungeon Overview and Level Annotations

Branches:
Dungeon (3/15)

Altars:
Vehumet


Innate Abilities, Weirdness & Mutations

You cannot be hasted, slowed, berserked, paralysed or teleported.
You can dig through walls and to a lower floor.
Your four strong arms can wield two-handed weapons with a shield.
You have a pair of large antennae on your head. (SInv)


Message History

You are too injured to fight recklessly!
You are too injured to fight recklessly!
The orc priest casts a cantrip, but nothing happens.
The orc priest invokes the aid of Beogh against you.
Beogh smites you!
* * * LOW HITPOINT WARNING * * *
You see here a club.
The bat hits you.
* * * LOW HITPOINT WARNING * * *
The bat hits you but does no damage. You block the bat's attack.
The bat hits you but does no damage. The bat hits you but does no damage.
The bat barely misses you. The bat hits you but does no damage.
The bat hits you but does no damage. You block the bat's attack.
The bat hits you but does no damage. The bat hits you but does no damage.
The orc priest mumbles some strange prayers to Beogh against you.
Beogh smites you!
You die...

#.###.## #o#
#..######
#o###.......#
#.......###.#
#o##.#.##
#.##.#.#
#.##.#†#
#b##.#.#
#####@##.#.#
#<....##.#.#
#.######.#.#
#.# #.#.# #.#
#.. #.# #.#
#.# #.#


You could see an orc priest, 2 orcs and a bat.

Vanquished Creatures
  An orc wizard (D:3)
  Ijyb (D:3)
  3 adders (D:2)
  A worm (D:3)
  3 dart slugs
  2 giant cockroaches
  5 goblins
  2 hobgoblins
  8 jackals
  A ball python (D:1)
  6 bats
  3 frilled lizards
  6 kobolds
  4 rats
46 creatures vanquished.

Notes
Turn   | Place    | Note
-------+----------+-------------------------------------------
     0 | D:1      | Riddle the Formicid Fighter began the quest for the Orb.
     0 | D:1      | Reached XP level 1. HP: 18/18 MP: 1/1
    80 | D:1      | Reached XP level 2. HP: 8/24 MP: 2/2
   513 | D:1      | Reached XP level 3. HP: 24/29 MP: 3/3
  1196 | D:2      | Reached XP level 4. HP: 34/37 MP: 4/4
  1500 | D:2      | Found a radiant altar of Vehumet.
  1545 | D:3      | Noticed Ijyb
  1556 | D:3      | Killed Ijyb
  1556 | D:3      | Reached XP level 5. HP: 27/42 MP: 5/5
  1672 | D:3      | Reached skill level 1 in Dodging
  1682 | D:3      | HP: 2/42 [bat (1)]
  1691 | D:3      | Killed from afar by an orc priest

Skill      XL: |  1  2  3  4  5 |
---------------+----------------+-----
Shields        | 4 |  4.3
Fighting       | 4 |  4.1
Staves         | 3 |  3.3
Dodging        | 1 |  1.0
Armour         | |  3.9
Stealth        | |  0.5

Action                   |  1- 3 |  4- 6 || total
-------------------------+-------+-------++-------
Melee: Quarterstaff      |    92 |    63 ||   155
  Use: Scroll            |       |     1 ||     1
  Eat: Chunk             |     1 |     2 ||     3
Armor: Scale mail        |    42 |    36 ||    78
Dodge: Dodged            |    25 |    28 ||    53
Block: Shield            |    44 |    33 ||    77
